 Dungeon Crawl Stone Soup version 0.30-a0-23-ge60ba3568b (webtiles) character file.

Game seed: 4505746408294394302

4391 SensoryNuts the Cleaver (level 10, 0/84 HPs)
             Began as a Minotaur Fighter on Aug 24, 2022.
             Slain by an orc warrior
             ... wielding a +2 trident of flaming
              (13 damage)
             ... on level 9 of the Dungeon.
             The game lasted 00:15:08 (9223 turns).

SensoryNuts the Cleaver (Minotaur Fighter)          Turns: 9223, Time: 00:15:08

Health: 0/84       AC: 10    Str: 22    XL:     10   Next: 13%
Magic:  9/9        EV: 11    Int:  5    God:
Gold:   480        SH: 11    Dex: 13    Spells: 9/9 levels left

rFire   . . .      SeeInvis .    a - +1 war axe
rCold   . . .      Faith    .    c - +0 buckler
rNeg    . . .      Spirit   .    b - +0 scale mail
rPois   .          Reflect  +    (helmet restricted)
rElec   .          Harm     .    t - scarf {shadows}
rCorr   .          Rampage  .    (no gloves)
Will    .....                    p - +1 pair of boots
Stlth   ..........               m - amulet of reflection
HPRegen 0.24/turn                (no ring)
MPRegen 0.11/turn                (no ring)

@: studying Unarmed Combat
A: horns 2, retaliatory headbutt
a: no special abilities


You were on level 9 of the Dungeon.
You visited 2 branches of the dungeon, and saw 10 of its levels.

You collected 480 gold pieces.

Inventory:

Hand Weapons
 a - a +1 war axe (weapon)
Armour
 b - a +0 scale mail (worn)
 c - a +0 buckler (worn)
 p - a +1 pair of boots (worn)
 t - a scarf of shadows (worn)
Jewellery
 m - an amulet of reflection (around neck)
 o - a ring of magical power
 y - a ring of poison resistance
Wands
 f - a wand of polymorph (6)
 q - a wand of roots (10)
 r - a wand of flame (43) (quivered)
 x - a wand of mindburst (5)
Scrolls
 g - a scroll of magic mapping
 j - a scroll of butterflies
 k - 10 scrolls of immolation
 n - 4 scrolls of teleportation
 s - a scroll of fear
 u - a scroll of identify
 v - 2 scrolls of vulnerability
 w - a scroll of poison
Potions
 d - 5 potions of might
 e - 5 potions of resistance
 h - 4 potions of invisibility
 i - 6 potions of curing
 l - 4 potions of brilliance
 A - a potion of flight
 B - a potion of haste
 C - a potion of cancellation


   Skills:
 + Level 6.8 Fighting
 * Level 12.6 Axes
 + Level 8.2 Armour
 + Level 4.0 Dodging
 + Level 1.3 Stealth
 + Level 7.5 Shields


You had 9 spell levels left.
You didn't know any spells.
Your spell library contained the following spells:

 Spells                   Type           Power      Damage    Failure   Level
 Magic Dart               Conj           0%         1d3       83%         1
 Shock                    Conj/Air       0%         1d3       83%         1
 Call Imp                 Summ           0%         N/A       93%         2
 Ensorcelled Hibernation  Hex/Ice        0%         N/A       93%         2
 Passwall                 Tmut/Erth      0%         N/A       93%         2
 Scorch                   Fire           0%         2d5       93%         2
 Mephitic Cloud           Conj/Pois/Air  0%         N/A       99%         3
 Portal Projectile        Hex/Tloc       0%         N/A       99%         3
 Swiftness                Air            0%         N/A       99%         3
 Tukima's Dance           Hex            0%         N/A       99%         3
 Airstrike                Air            0%         2d(0-16)  100%        4
 Flame Wave               Conj/Fire      0%         2d4       100%        4
 Blade Hands              Tmut           0%         N/A       100%        5
 Summon Cactus Giant      Summ           0%         N/A       100%        6


Dungeon Overview and Level Annotations

Branches:
Dungeon (9/15)             Temple (1/1) D:6            Lair (0/5) D:9
    Orc: D:9-12

Altars:
Ashenzari
Cheibriados
Dithmenos
Fedhas
Gozag
Hepliaklqana
Kikubaaqudgha
Nemelex Xobeh
Okawaru
Qazlal
Ru
Sif Muna
Trog
Uskayaw
Vehumet
Wu Jian
Xom
Yredelemnul
Zin
The Shining One

Shops:
D:3 (   D:4 *   D:7 (


Innate Abilities, Weirdness & Mutations

You have a pair of horns on your head.
You reflexively headbutt those who attack you in melee.


Message History

You hit the orc warrior.
The orc warrior hits you with a +0 dire flail!
You block the orc warrior's attack.
An orc comes into view. It is wielding a +0 whip.
The orc closely misses you.
An orc warrior comes into view. It is wielding a +2 trident of flaming.
Things that are here:
a +0 whip; an orc corpse The orc warrior shouts!
You slash the orc warrior!
You kill the orc warrior!
You closely miss the orc. The orc closely misses you.
The orc hits you but does no damage.
An orc warrior comes into view. It is wielding a +0 scimitar.
Things that are here:
a +0 dire flail; a +0 chain mail The orc warrior shouts!
You block the orc's attack. You block the orc warrior's attack.
You barely miss the orc. You headbutt the orc!
You kill the orc!
You slash the orc!
You kill the orc!
The orc warrior hits you from afar with a +2 trident of flaming.
* * * LOW HITPOINT WARNING * * *
The orc warrior burns you.
* * * LOW HITPOINT WARNING * * *
You block the orc warrior's attack.
Things that are here:
a +0 whip; a +0 leather armour You slash the orc warrior!
The orc warrior is heavily wounded.
You hit the orc warrior. The orc warrior barely misses you.
The orc warrior hits you with a +0 scimitar!
* * * LOW HITPOINT WARNING * * *
You hit the orc warrior but do no damage.
You headbutt the orc warrior.
The orc warrior is heavily wounded.
You hit the orc warrior but do no damage.
The orc warrior hits you with a +2 trident of flaming!
You die...

######## ######
.......# #....#
.......#######....#
..............)...#
........######....#
........# #..).#
######..#
#.)).##### #..#
#......... #..#
#..@...... #..#
#..oo..... #..#
#.....#### #...
.......# ....
........#
#........#
#.........


You could see 2 orc warriors.

Vanquished Creatures
  A troll (D:9)
  Grinder (D:4)
  A water moccasin (D:5)
  2 orc warriors
  A sky beast (D:6)
  2 black bears
  2 ice beasts
  3 wolves (D:9)
  2 ogres
  4 centaurs
  3 phantoms
  3 kobold brigands
  2 necrophages
  3 bullfrogs
  2 gnoll sergeants
  5 wights (D:8)
  A scorpion (D:5)
  2 electric eels (D:9)
  A vampire bat (D:3)
  3 howler monkeys (D:8)
  4 orc priests
  8 hounds
  3 jellies
  Ijyb (D:5)
  2 iguanas
  6 orc wizards
  18 gnolls
  9 adders
  A shadow imp (D:5)
  2 white imps
  An ufetubus (D:5)
  A worm (D:2)
  A dart slug (D:2)
  38 orcs
  17 bats
  6 endoplasms
  2 giant cockroaches
  5 hobgoblins
  4 jackals (D:3)
  19 kobolds
  2 quokkas
  6 ball pythons
  5 frilled lizards
  8 goblins
  4 rats (D:1)
217 creatures vanquished.

Vanquished Creatures (others)
  3 plants (D:9)
3 creatures vanquished.

Grand Total: 220 creatures vanquished

Notes
Turn   | Place    | Note
-------+----------+-------------------------------------------
     0 | D:1      | SensoryNuts the Minotaur Fighter began the quest for the
                  | Orb.
     0 | D:1      | Reached XP level 1. HP: 19/19 MP: 0/0
   202 | D:1      | Found a faded altar of an unknown god.
   284 | D:1      | Reached XP level 2. HP: 26/27 MP: 1/1
   897 | D:2      | Reached XP level 3. HP: 33/33 MP: 2/2
   900 | D:2      | Reached skill level 3 in Axes
  1406 | D:3      | Found Yfidos's Weapon Shoppe.
  1425 | D:3      | Reached XP level 4. HP: 33/40 MP: 3/3
  1556 | D:3      | Reached skill level 4 in Axes
  1556 | D:3      | Reached skill level 1 in Dodging
  1905 | D:3      | Noticed an ogre
  1910 | D:3      | Killed an ogre
  1911 | D:3      | Reached skill level 5 in Axes
  1911 | D:3      | Reached XP level 5. HP: 14/46 MP: 4/4
  2215 | D:3      | Found the +7 staff of the Meek {protect, meekguard}
  2537 | D:4      | Reached XP level 6. HP: 29/53 MP: 5/5
  2886 | D:4      | Found Uskih's Assorted Antiques.
  3144 | D:4      | Noticed Grinder
  3147 | D:4      | Paralysed by Grinder for 3 turns
  3157 | D:4      | Paralysed by Grinder for 4 turns
  3194 | D:4      | Paralysed by Grinder for 3 turns
  3204 | D:4      | Paralysed by Grinder for 5 turns
  3216 | D:4      | Killed Grinder
  3217 | D:4      | Reached skill level 6 in Axes
  3217 | D:4      | Reached skill level 5 in Armour
  3217 | D:4      | Reached XP level 7. HP: 36/60 MP: 6/6
  3480 | D:4      | Found a hide-covered altar of Uskayaw.
  3615 | D:4      | Reached skill level 7 in Axes
  3615 | D:4      | Reached skill level 5 in Shields
  3843 | D:5      | Entered Level 5 of the Dungeon
  3843 | D:5      | Noticed Ijyb
  3855 | D:5      | Killed Ijyb
  3889 | D:5      | Reached skill level 5 in Fighting
  4055 | D:5      | Reached skill level 8 in Axes
  4202 | D:5      | Found a shadowy altar of Dithmenos.
  4234 | D:5      | Reached XP level 8. HP: 68/68 MP: 7/7
  4266 | D:5      | You fall into a shaft and drop 2 floors!
  4320 | D:7      | Found Ymuraace's Antique Weapon Shop.
  4353 | D:7      | Found a blossoming altar of Fedhas.
  4421 | D:6      | Found a staircase to the Ecumenical Temple.
  4433 | Temple   | Entered the Ecumenical Temple
  4720 | D:5      | Reached skill level 9 in Axes
  5204 | D:6      | Reached skill level 1 in Stealth
  5557 | D:6      | Reached skill level 10 in Axes
  5644 | D:6      | Found a bloodstained altar of Trog.
  5969 | D:6      | Reached XP level 9. HP: 66/74 MP: 8/8
  6921 | D:8      | Reached skill level 11 in Axes
  8297 | D:8      | Reached skill level 12 in Axes
  8471 | D:9      | Found a staircase to the Lair.
  8853 | D:9      | Found an iron altar of Okawaru.
  8857 | D:9      | Reached XP level 10. HP: 58/84 MP: 9/9
  8864 | D:9      | Found a glowing golden altar of the Shining One.
  8864 | D:9      | Found a broken altar of Ashenzari.
  9223 | D:9      | Slain by an orc warrior

Illustrated notes

Levels and vault maps discovered:
D:1:      eino_arrival_cavern_a, layout_loops_ring,
          ebering_ecumenical_altar_webs, minmay_surrounded
D:2:      layout_rooms
D:3:      layout_basic, serial_shops, shop, roderic_batcave,
          pf_guarded_unrand_meek
D:4:      layout_basic, nicolae_uskayaw_suspiria, serial_shops, shop,
          moated_statue, uniq_grinder
D:5:      layout_cave_pools, grunt_dithmenos_shadows, minmay_manual_macuahuitl,
          uniq_ijyb
D:6:      layout_loops_cross, mainiacjoe_overflow_24_doors,
          minmay_temple_entry_glass, kennysheep_generic_room_5
D:7:      layout_basic, fedhas_altar_2, serial_shops, nicolae_stop_n_shop_1
D:8:      layout_loops_corners
D:9:      layout_irregular_city, gammafunk_temple_overflow_forgotten,
          erik_lair_island, david_orc_2
Temple:   dshaligram_water_room_temple

Skill      XL: |  1  2  3  4  5  6  7  8  9 |
---------------+----------------------------+-----
Shields        | 4 5 6 7 |  7.5
Armour         | 4 5 6 7 8 |  8.2
Fighting       | 4 5 6 |  6.8
Axes           | 3 5 6 8 10 12 | 12.6
Dodging        | 1 2 4 |  4.0
Stealth        | 1 |  1.3

Action                   |  1- 3 |  4- 6 |  7- 9 | 10-12 || total
-------------------------+-------+-------+-------+-------++-------
Melee: War axe           |    90 |    85 |   319 |    28 ||   522
       Headbutt          |    11 |    10 |    67 |     4 ||    92
  Use: Potion            |       |     1 |    12 |       ||    13
       Scroll            |       |       |    15 |       ||    15
 Stab: Fleeing           |       |       |     1 |       ||     1
Armor: Scale mail        |    54 |    33 |    79 |    10 ||   176
       Skin              |       |       |     3 |       ||     3
Dodge: Dodged            |    61 |    33 |   122 |    18 ||   234
Block: Buckler           |    31 |    36 |   170 |    21 ||   258
       Reflection        |       |     1 |    10 |     2 ||    13

Table legend: (Time is in decaauts)
 A = Elapsed time spent in this place.
 B = Non-inter-level travel time spent in this place.
 C = Inter-level travel time spent in this place.
 D = Time resting spent in this place.
 E = Time spent auto-exploring this place.
 F = Levels seen in this place.
 G = Mean time per level.
                   A        B        C        D        E       F      G
               +--------+--------+--------+--------+--------+-----+--------+
         Total |   9269 |   8938 |    331 |    336 |   7092 |  10 |  926.9 |
       Dungeon |   9125 |   8794 |    331 |    336 |   6996 |   9 | 1013.9 |
        Temple |    144 |    144 |      0 |      0 |     96 |   1 |  144.0 |
               +--------+--------+--------+--------+--------+-----+--------+

Top non-repeatable levels by time:
     D:4: 1333 daAuts
     D:8: 1277 daAuts
     D:6: 1211 daAuts
     D:3: 1205 daAuts
     D:5: 980 daAuts
     D:7: 959 daAuts
     D:1: 836 daAuts
     D:9: 803 daAuts
     D:2: 517 daAuts
  Temple: 144 daAuts
